[Event "*** SCC Grand Prix: Titled Tuesday Blitz"]
[Site "Chess.com"]
[Date "2020.06.02"]
[Round "1"]
[White "Zmof"]
[Black "Savagelittlemole"]
[Result "0-1"]
[WhiteElo "2248"]
[BlackElo "2586"]
[TimeControl "180+1"]
[EndTime "10:08:19 PDT"]
[Termination "Savagelittlemole won by resignation"]

1. e4 c5 2. Nf3 d6 3. Bb5+ Nd7 4. Ba4 Nf6 5. Qe2 g6 6. O-O Bg7 7. c3 O-O 8. Rd1 a6 9. d4 b5 10. Bc2 cxd4 11. cxd4 Bb7 12. Nbd2 Rc8 13. Bd3 Qc7 14. b3 Qc3 15. Ba3 Qa5 16. Bb2 Rc7 17. a3 Rfc8 18.
b4 Qb6 19. Nb3 Qa7 20. Rac1 Rxc1 21. Rxc1 Rxc1+ 22. Bxc1 Qa8 23. Nfd2 e5 24. d5 Qc8 25. Bb2 Bh6 26. Na5 Nb6 27. Ndb3 Na4 28. g3 Nd7 29. Kg2 Ndb6 30. Nxb7 Qxb7 31. Qc2 Nxb2 32. Qxb2 Qc7 33. Na5 Na4 34. Qc2 Qxc2 35. Bxc2 Bc1 36.
Bxa4 bxa4 37. Nc4 Kf8 38. Kf3 Ke7 39. Ke2 f5 40. f3 h5 41. h3 Bh6 42. Nb6 Bc1 43. Nc4 Bh6 44. g4 hxg4 45. hxg4 fxg4 46. fxg4 Bc1 47. Kd1 Bf4 48. Nb6 Be3 49. Nxa4 Bd4 50. Kc2 Kf6 51. Nb2 Kg5 52. a4 Kxg4 53. b5 axb5 54.
axb5 Kf4 55. Nc4 Kxe4 56. b6 Bxb6 57. Nxb6 g5 58. Kd2 g4 59. Ke2 Kd4 60. Kf2 e4 61. Nc8 Kxd5 62. Ne7+ Ke5 63. Ng6+ Kd4 64. Nf4 d5 65. Ne2+ Kd3 66. Nf4+ Kc4 67. Ke3 g3 68. Ne2 d4+ 69. Kxe4 g2 70. Ng1 d3 71. Ke3 Kc3 72. Nf3 d2 73. Nxd2 g1=Q+ 74. Kf3 Qd1+ 75. Ke3 Qxd2+ 76. Ke4 Qd3+ 0-1

[Event "*** SCC Grand Prix: Titled Tuesday Blitz"]
[Site "Chess.com"]
[Date "2020.06.02"]
[Round "1"]
[White "guillembaches"]
[Black "Guenplen"]
[Result "0-1"]
[WhiteElo "2437"]
[BlackElo "2922"]
[TimeControl "180+1"]
[EndTime "10:08:20 PDT"]
[Termination "Guenplen won on time"]

1. e4 c5 2. Nf3 e6 3. g3 Nc6 4.
Bg2 Nf6 5. Qe2 Be7 6. O-O O-O 7. c3 d5 8. exd5 Nxd5 9. Rd1 Bf6 10. Na3 b6 11.
Nc4 Bb7 12. a4 Qc7 13. d3 Rad8 14. Ng5 Rfe8 15. Qh5 Bxg5 16. Bxg5 f6 17. Bd2 Qf7 18. Qe2 Ba8 19. Re1 e5 20. Rad1 Nc7 21. Be3 Nd5 22.
Bc1 Nc7 23. Be3 Ne6 24. Bd2 Qc7 25. Ne3 Ne7 26. Be4 Ng5 27. Bxa8 Rxa8 28. h4 Nf7 29. Nc4 Rad8 30. Qe4 Nd6 31. Nxd6 Qxd6 32. Be3 Qd5 33.
Kg2 Rd7 34. f3 Red8 35. Kf2 Qxe4 36. fxe4 Rxd3 37. Rxd3 Rxd3 38. a5 Rd7 39. axb6 axb6 40.
Ra1 Rb7 41. Ra8+ Kf7 42. Ke2 h5 43. Bf2 Ke6 44. Ra6 Kd7 45. b4 cxb4 46. cxb4 Nc8 47. Ra1 Nd6 48. Rc1 Nxe4 49. Be1 Nd6 50. Rd1 Ke6 51.
b5 Nxb5 52. Bb4 Nd4+ 53. Kf2 Rc7 54. Ra1 Rc2+ 55. Ke3 Rc4 56. Bf8 Nc2+ 0-1

[Event "*** SCC Grand Prix: Titled Tuesday Blitz"]
[Site "Chess.com"]
[Date "2020.06.02"]
[Round "1"]
[White "StockholmMissile"]
[Black "Onischuk_V"]
[Result "0-1"]
[WhiteElo "2436"]
[BlackElo "2922"]
[TimeControl "180+1"]
[EndTime "10:08:20 PDT"]
[Termination "Onischuk_V won on time"]

1. d4 d6 2. Nf3 g6 3. e4 Bg7 4. Bc4 Nf6 5. Qe2 O-O 6. Nbd2 Nc6 7. c3 e5 8. dxe5 Nxe5 9. Nxe5 dxe5 10. Nf3 Qe7 11.
O-O a5 12. h3 b6 13. Bg5 h6 14. Bxf6 Bxf6 15. Rfd1 Bb7 16. Bd5 c6 17. Bb3 a4 18.
Bc2 Kg7 19. Rd2 b5 20. Rad1 Rfd8 21. a3 h5 22. Bb1 Qc5 23. Rxd8 Rxd8 24. Rxd8 Bxd8 25.
Qd3 Bb6 26. Qd2 Bc8 27. Ba2 f6 28. Ne1 Qe7 29. Nd3 Qd8 30. Qe2 Qd6 31. Nb4 Bd7 32.
Qd3 Qxd3 33. Nxd3 Kf8 34. Kf1 Ke7 35. Ke2 Kd6 36. f3 f5 37. Bf7 fxe4 38. fxe4 h4 39. Bxg6 Be6 40. Kd2 Bd8 41. Bh5 Bb3 42. Bd1 Bg5+ 43.
Ke2 Bc4 44. Bc2 Bc1 45. Kd1 Bxd3 46. Bxd3 Bxb2 47. c4 Kc5 48. cxb5 cxb5 49. Kc2 Bxa3 50. Be2 Bb4 51. Bh5 Be1 52. Kd3 Kb4 53. Bf7 Ka3 54. Kc2 b4 55. Bd5 b3+ 56. Kb1 Kb4 57. Be6 a3 58. Bd5 a2+ 59. Kb2 Bc3+ 0-1

[Event "*** SCC Grand Prix: Titled Tuesday Blitz"]
[Site "Chess.com"]
[Date "2020.06.02"]
[Round "1"]
[White "Blitzking642"]
[Black "ZWISCHENZUGGED"]
[Result "1-0"]
[WhiteElo "2299"]
[BlackElo "2606"]
[TimeControl "180+1"]
[EndTime "10:08:20 PDT"]
[Termination "Blitzking642 won by resignation"]

1. d4 Nf6 2. c4 e6 3. Nc3 Bb4 4.
Qc2 d6 5. Nf3 Nbd7 6. a3 Bxc3+ 7.
Qxc3 b6 8. e3 Bb7 9. Be2 O-O 10.
b4 a5 11. Bb2 axb4 12. axb4 Rxa1+ 13. Bxa1 Ne4 14. Qc2 f5 15. O-O Qe7 16. Rd1 Ra8 17.
Bb2 Ndf6 18. h3 g5 19. Nd2 Nxd2 20. Rxd2 Ne4 21. Rd1 h6 22. d5 e5 23. Bd3 Ra2 24.
Ra1 Rxa1+ 25. Bxa1 Bc8 26. Bxe4 fxe4 27. Qxe4 Qf7 28.
Bc3 Qf5 29. Qxf5 Bxf5 30. c5 b5 31. f3 Kf7 32. Kf2 e4 33. g4 Bh7 34. f4 Kf8 35. Bf6 Bg8 36. fxg5 hxg5 37. Bxg5 Bxd5 38. Bd8 dxc5 39.
Bxc7 cxb4 40. Bd6+ Kf7 41. Bxb4 Bc4 42. Kg3 Be2 43. Kf4 Ke6 44. Kxe4 Bf1 45. h4 Bg2+ 46. Kf4 Kd5 47. h5 Kc4 48. Be7 Kd5 49. g5 Ke6 50. Bf6 Bf1 51. h6 Bd3 52. e4 b4 53. h7 Kd6 54. h8=Q Kc5 55. Qf8+ Kc4 56. Qc8+ Kb3 57.
g6 Bb5 58. g7 Bc4 59. g8=Q Kc2 60. Qcxc4+ Kd2 61. Qxb4+ Ke2 62. Qg2+ 1-0

[Event "*** SCC Grand Prix: Titled Tuesday Blitz"]
[Site "Chess.com"]
[Date "2020.06.02"]
[Round "1"]
[White "Misticpikachu"]
[Black "Mr_Sinigami"]
[Result "0-1"]
[WhiteElo "2248"]
[BlackElo "2588"]
[TimeControl "180+1"]
[EndTime "10:08:20 PDT"]
[Termination "Mr_Sinigami won by checkmate"]

1. c4 Nf6 2. Nc3 g6 3. e4 d6 4.
d4 Bg7 5. h3 O-O 6. Be3 e5 7. d5 a5 8. g4 Na6 9. Nge2 h5 10. gxh5 Nxh5 11. Qd2 f5 12. exf5 Bxf5 13. Ng3 Nxg3 14. fxg3 Nb4 15. Rc1 Bd7 16. a3 Na6 17. Bd3 Nc5 18. Bxg6 Nb3 19. Qd1 Nxc1 20. Qh5 Rf6 21.
Bxc1 Rxg6 22. Qxg6 Qe8 23. Qxe8+ Rxe8 24. g4 e4 25. Nd1 e3 26. Nxe3 b5 27. Kd2 Bh6 28.
Kd3 Bxe3 29. Bxe3 bxc4+ 30. Kd4 c5+ 31. dxc6 Bxc6 32. Re1 Re4+ 33. Kc3 d5 34. Bf2 Rf4 35. Bg3 Rf3+ 36. Kd4 Rxg3 37. Kc5 Bb7 38. Re7 Rb3 39.
h4 Rxb2 40. Kd4 Rd2+ 41. Kc3 Rd3+ 42. Kc2 Bc6 43. h5 Ba4+ 44. Kb2 c3+ 45. Kb1 Rd1+ 46. Ka2 c2 47. Rc7 c1=Q 48. Rxc1 Rxc1 49. Kb2 Rc2+ 50.
Kb1 d4 51. g5 d3 52. h6 d2 53. h7+ Kh8 54. g6 d1=Q# 0-1

[Event "*** SCC Grand Prix: Titled Tuesday Blitz"]
[Site "Chess.com"]
[Date "2020.06.02"]
[Round "1"]
[White "Pudor"]
[Black "Igrok3069"]
[Result "0-1"]
[WhiteElo "2390"]
[BlackElo "2767"]
[TimeControl "180+1"]
[EndTime "10:08:21 PDT"]
[Termination "Igrok3069 won by resignation"]

1. d4 d5 2. c4 c6 3. Nf3 Nf6 4.
Nc3 e6 5. Bg5 Nbd7 6. e3 Qa5 7.
Nd2 Bb4 8. Qc2 O-O 9. Be2 c5 10.
dxc5 dxc4 11. Bxf6 Nxf6 12. O-O Qxc5 13. Nce4 Nxe4 14. Nxe4 Qe5 15. Qxc4 Be7 16. Nc3 Bd7 17. Rfd1 Bc6 18. Rd4 Rac8 19. Qd3 Rfd8 20. Rd1 Rxd4 21.
Qxd4 Qxd4 22. Rxd4 Bf6 23. Rc4 Rd8 24. Bf3 Bxf3 25.
gxf3 Kf8 26. Rc7 Rb8 27. b3 Be5 28. Rc4 Ke7 29. f4 Bd6 30. Ne4 Rd8 31. Nxd6 Rxd6 32. Rc7+ Rd7 33. Rc2 Rd1+ 34. Kg2 Kd7 35. Kf3 g6 36. Rc4 Ra1 37. Rb4 b6 38. Rd4+ Kc6 39.
Rc4+ Kd6 40. Rd4+ Kc6 41. Rc4+ Kb7 42. Rd4 Rxa2 43. Rd7+ Kc6 44. Rxf7 a5 45. Rxh7 Rb2 46. Rg7 Rxb3 47. Rxg6 Kd7 48. Rg7+ Kd6 49. h4 Rb1 50. h5 Rh1 51. Rb7 Kc6 52. Re7 a4 53. Rxe6+ Kc5 54. Re8 Rxh5 55. Ra8 b5 56. e4 a3 57. f5 b4 58. f6 Kd6 59. Kg4 Rh7 60. Kg5 Rb7 61. Kg6 b3 62. f7 Rxf7 63. Kxf7 b2 64. Rxa3 b1=Q 65. Rd3+ Qxd3 0-1

[Event "*** SCC Grand Prix: Titled Tuesday Blitz"]
[Site "Chess.com"]
[Date "2020.06.02"]
[Round "1"]
[White "ZverevLev"]
[Black "stoleriu"]
[Result "1-0"]
[WhiteElo "2221"]
[BlackElo "2539"]
[TimeControl "180+1"]
[EndTime "10:08:21 PDT"]
[Termination "ZverevLev won by resignation"]

1. e4 e6 2. d4 d5 3. Nc3 Bb4 4. e5 c5 5. a3 Bxc3+ 6. bxc3 Qc7 7.
Qg4 f6 8. Qg3 Qf7 9. Nf3 c4 10.
Be2 Nc6 11. O-O Nge7 12. a4 Nf5 13. Qh3 Bd7 14. Ba3 O-O-O 15. a5 a6 16. Rfb1 h5 17. Bc5 Rdg8 18. Nd2 fxe5 19. Bxc4 dxc4 20. Nxc4 g5 21. dxe5 Nce7 22. Nb6+ Kc7 23. Nxd7 Nc6 24. Nf6 Rd8 25.
Bb6+ Kc8 26. Bxd8 Rxd8 27. Qf3 Nxe5 28. Qe4 Nc6 29. Rb6 Kc7 30. Rab1 Nd6 31. Qf3 Rf8 32.
Qg3 e5 33. Ne4 Nxe4 34. Rxb7+ Kc8 35. Rxf7 Rxf7 36. Qe3 Nd6 37. Qb6 Rc7 38. Qxa6+ Kd7 39. Qd3 Ke7 40. Qh7+ Kd8 41. Qg8+ Kd7 42. Qxg5 Ne7 43.
Qxe5 Rc6 44. Qxh5 Rxc3 45. Re1 Rxc2 46. Qe5 Nc6 47. Qg7+ Kc8 48. Qf8+ Kc7 49. a6 Ra2 50. h4 Rxa6 51. h5 Ra5 52. h6 Rh5 53. Qg7+ Kc8 54. h7 Nf5 1-0

[Event "*** SCC Grand Prix: Titled Tuesday Blitz"]
[Site "Chess.com"]
[Date "2020.06.02"]
[Round "1"]
[White "topin8"]
[Black "swisspower96"]
[Result "0-1"]
[WhiteElo "2181"]
[BlackElo "2549"]
[TimeControl "180+1"]
[EndTime "10:08:22 PDT"]
[Termination "swisspower96 won on time"]

1. e4 c5 2. Nf3 Nc6 3. Bb5 g6 4. Bxc6 dxc6 5. O-O Bg7 6. h3 Nf6 7. Nc3 Nd7 8. d3 e5 9. Nh2 Nf8 10. f4 exf4 11. Bxf4 Ne6 12. Be3 O-O 13. Kh1 Nd4 14.
Qd2 f5 15. Rf2 fxe4 16. Rxf8+ Qxf8 17. Nxe4 b6 18. Rf1 Bf5 19. Ng4 Kh8 20. Nh6 Qe7 21.
c3 Bxe4 22. dxe4 Ne6 23. Rf7 Qe8 24. Qd7 Qxd7 25. Rxd7 a5 26. Re7 Nf8 27. g4 a4 28.
Bf4 a3 29. b3 g5 30. Bxg5 Ng6 31. Rc7 Bxc3 32. Kg2 Re8 33. Nf7+ Kg8 34. Nd6 Re6 35. Rc8+ Nf8 36. Nf5 Kf7 37. Nh6+ Kg7 38. Nf5+ Kf7 39. Bf4 Rxe4 40. Kf3 Re1 41. Nh6+ Kg7 42. Nf5+ Kf7 43. Rc7+ Kf6 44. Rxc6+ Ne6 45. Ng3 Ra1 46. Ne4+ Kf7 47.
Rxb6 Nd4+ 48. Ke3 Bb2 49. Ng5+ Ke8 50. Be5 Nc2+ 51. Kd3 Bxe5 52. Re6+ Kd7 53. Rxe5 Rxa2 54. Kc4 Na1 55. Rd5+ Ke7 56. Rxc5 Rc2+ 57. Kb5 Rxc5+ 58.
Kxc5 Nxb3+ 59. Kb4 a2 60. Kxb3 a1=Q 0-1

[Event "*** SCC Grand Prix: Titled Tuesday Blitz"]
[Site "Chess.com"]
[Date "2020.06.02"]
[Round "1"]
[White "DiamondCrusher22"]
[Black "AttilaTurzo"]
[Result "0-1"]
[WhiteElo "1965"]
[BlackElo "2469"]
[TimeControl "180+1"]
[EndTime "10:08:22 PDT"]
[Termination "AttilaTurzo won by checkmate"]

1. e4 c5 2. Nf3 d6 3. c3 Nf6 4.
Be2 Nc6 5. d4 g6 6. O-O Bg7 7. d5 Ne5 8. Nxe5 dxe5 9. Be3 b6 10.
f4 exf4 11. Bxf4 O-O 12. Bf3 Bb7 13. c4 Ne8 14. Nc3 e5 15. Be3 Nd6 16. Qd3 f5 17. Kh1 Bc8 18. Rad1 Qh4 19. Bf2 Qe7 20. Rfe1 Bd7 21.
exf5 gxf5 22. Bg3 e4 23. Qd2 Rae8 24. Bh5 Rd8 25. Qf4 Nf7 26. Nb5 Be5 27. Qh4 Qxh4 28.
Bxh4 Ra8 29. Be7 Rfe8 30. d6 Bxb2 31. Nc7 Rac8 32. Nxe8 Rxe8 33. Re3 Be5 34. g4 f4 35. Rh3 Kg7 36. Bxf7 Kxf7 37. Rxh7+ Kg6 38. Rh4 f3 39. Kg1 Bd4+ 40. Kf1 Bc6 41. g5 e3 42. Rh6+ Kg7 43. Rd3 e2+ 44. Ke1 Rg8 45. Bf6+ Bxf6 46. Rxf6 Rh8 47.
d7 Rxh2 48. Rf7+ Kxf7 49. Rxf3+ Bxf3 50. d8=Q Rh1+ 51. Kf2 e1=Q+ 52. Kxf3 Rf1+ 53. Kg4 Qe4+ 54. Kh5 Rh1# 0-1

[Event "*** SCC Grand Prix: Titled Tuesday Blitz"]
[Site "Chess.com"]
[Date "2020.06.02"]
[Round "1"]
[White "Trickov"]
[Black "EvgenyRomanov"]
[Result "0-1"]
[WhiteElo "2331"]
[BlackElo "2663"]
[TimeControl "180+1"]
[EndTime "10:08:24 PDT"]
[Termination "EvgenyRomanov won on time"]

1. d4 Nf6 2. Nf3 d5 3. c4 e6 4. g3 Bb4+ 5. Bd2 Bd6 6. Bg2 c6 7.
b3 Ne4 8. O-O Nd7 9. Nc3 f5 10.
Qc2 O-O 11. Bf4 Be7 12. Ne5 Qa5 13. Nxe4 fxe4 14. Nxd7 Bxd7 15. Be5 Be8 16. f3 exf3 17. exf3 Bg6 18. Qe2 Rae8 19. c5 b6 20. cxb6 axb6 21. Bh3 Ba3 22. Rad1 Qc3 23. f4 Be4 24. Bg2 Bg6 25. Qd2 Qxd2 26. Rxd2 c5 27. Bh3 Be4 28. Bg2 Bf5 29. h3 Bb4 30. Rdd1 h5 31. Kh2 Bc3 32. Bf3 Bg6 33. g4 hxg4 34. hxg4 Ra8 35. Rf2 Rfd8 36. Kg3 Rac8 37. a4 cxd4 38. Bxd4 Bxd4 39. Rxd4 Rc3 40. b4 Be4 41. Kg2 Rxf3 42. Rxf3 Rc8 43. Kg3 Bxf3 44. Kxf3 Rc3+ 45. Kf2 Ra3 46. a5 bxa5 47. bxa5 Rxa5 48. f5 exf5 49. gxf5 Kf7 50. Kf3 Kf6 51. Kf4 Rc5 52. Ke3 Ke5 53. Rg4 Rc3+ 54. Kd2 Rc7 55. Rg5 Kf6 56. Rh5 Re7 57. Kd3 Re5 58. Kd4 Rxf5 59.
Rh8 Kg5 60. Rg8 g6 61. Re8 Kf4 62. Re1 g5 63. Rf1+ Kg4 64. Rg1+ Kh3 0-1

[Event "*** SCC Grand Prix: Titled Tuesday Blitz"]
[Site "Chess.com"]
[Date "2020.06.02"]
[Round "1"]
[White "Agent-JL"]
[Black "CzechmVIII"]
[Result "1-0"]
[WhiteElo "2526"]
[BlackElo "2163"]
[TimeControl "180+1"]
[EndTime "10:08:24 PDT"]
[Termination "Agent-JL won on time"]

1. e4 c5 2. Nf3 d6 3. Nc3 Nc6 4. Bb5 Bd7 5. O-O g6 6. Re1 Bg7 7. Bf1 Nf6 8. d3 O-O 9. Bg5 a6 10. Qd2 b5 11. Ne2 Rc8 12. Ng3 Nd4 13.
Nh4 e5 14. h3 Ne6 15. Be3 Bc6 16. Nf3 b4 17. a3 a5 18. axb4 axb4 19. c3 Rb8 20. Ra6 Bb5 21. Ra7 bxc3 22. bxc3 Ra8 23. Rea1 Rxa7 24. Rxa7 Bc6 25. Ng5 Nxg5 26. Bxg5 Qb6 27.
Ra2 Ra8 28. Rb2 Qc7 29. Be3 Bd7 30. d4 cxd4 31. cxd4 exd4 32. Bxd4 Re8 33. Bd3 Be6 34. Rc2 Qb7 35. Qc3 Rc8 36. Qa1 Rxc2 37. Bxc2 Ne8 38. Bxg7 Nxg7 39. Qf6 Qc7 40. Bd3 h6 41. h4 Qc5 42.
Kh2 Qe5 43. Qf3 Kh7 44. Be2 h5 45. Qe3 Qf6 46. Qg5 Qxg5 47. hxg5 Ne8 48. Bd3 d5 49. e5 Nc7 50. f4 Bd7 51. Ne2 Ne6 52. g3 Bc6 53.
Bc2 Bb5 54. Nc3 Bc4 55. Nd1 Nd4 56. Bb1 Nf3+ 57. Kg2 Nd2 58. Bc2 Nb3 59. Ne3 Nc5 60. Kf2 Nd7 61. Ke1 Nf8 62. Kd2 Ne6 63. Bd1 h4 64. gxh4 Nxf4 65. Bf3 Kg7 66. Kc3 Kf8 67.
Kd4 Ke7 68. Nxc4 1-0

[Event "*** SCC Grand Prix: Titled Tuesday Blitz"]
[Site "Chess.com"]
[Date "2020.06.02"]
[Round "1"]
[White "lrestevez"]
[Black "Chessmasterzt"]
[Result "0-1"]
[WhiteElo "2141"]
[BlackElo "2518"]
[TimeControl "180+1"]
[EndTime "10:08:24 PDT"]
[Termination "Chessmasterzt won by resignation"]

1. e4 c5 2. Nf3 Nc6 3. c3 Nf6 4. e5 Nd5 5. d3 g6 6. Be2 Bg7 7. d4 cxd4 8. cxd4 d6 9. exd6 Qxd6 10. O-O O-O 11. Nc3 Nxc3 12. bxc3 Rd8 13. Qb3 Na5 14. Qa4 b6 15. Ba3 Qd7 16. Qxd7 Bxd7 17. Rfe1 e6 18. c4 Rac8 19. Rac1 Bc6 20. Ne5 Rxd4 21. Nxc6 Nxc6 22. c5 Ra4 23. cxb6 axb6 24. Rxc6 Rxc6 25. Bb5 Rxa3 26. Bxc6 Rxa2 27. g3 Bd4 28. Rf1 Bc5 29. Kg2 g5 30. h3 h5 31. g4 h4 32. Kf3 Kg7 33.
Ke4 Bxf2 34. Rd1 Rc2 35. Bb5 Bc5 36. Rd7 Rf2 37. Rd3 Rf4+ 38. Ke5 Rb4 39. Bd7 Rb2 40. Ke4 Re2+ 41. Kf3 Rh2 42. Ke4 Kf6 43. Bb5 Re2+ 44. Kf3 Rh2 45. Ke4 Rh1 46. Rf3+ Ke7 47. Kd3 Rb1 48. Bc4 Rg1 49. Ke4 Rb1 50. Rd3 b5 51. Bb3 Re1+ 52. Kf3 b4 53. Bd1 Rg1 54. Ke4 Re1+ 55.
Kf3 Bd6 56. Be2 Rg1 57. Ke4 Re1 58. Kf3 f5 59. gxf5 exf5 60. Re3+ Kf6 61. Bc4 g4+ 62. Kf2 Bg3+ 63. Rxg3 hxg3+ 64. Kxe1 gxh3 65. Bd5 Ke5 66. Bb7 b3 67. Kd2 g2 0-1

[Event "*** SCC Grand Prix: Titled Tuesday Blitz"]
[Site "Chess.com"]
[Date "2020.06.02"]
[Round "1"]
[White "MacDaddyMac"]
[Black "Reader777"]
[Result "0-1"]
[WhiteElo "2275"]
[BlackElo "2607"]
[TimeControl "180+1"]
[EndTime "10:08:25 PDT"]
[Termination "Reader777 won by checkmate"]

1. e4 c5 2. Nc3 Nc6 3. f4 g6 4. Nf3 Bg7 5. Bb5 Nd4 6. O-O Nxb5 7. Nxb5 d6 8. d3 Nf6 9. Qe1 O-O 10. Qh4 a6 11. Nc3 b5 12. f5 b4 13. Ne2 e6 14.
Bg5 exf5 15. Nd2 h6 16. Bxh6 Nxe4 17. Qxd8 Rxd8 18. Bxg7 Nxd2 19. Bf6 Nxf1 20. Bxd8 Ne3 21. Rc1 Bb7 22. Bg5 Re8 23. Bxe3 Rxe3 24. Kf2 Re8 25. g3 Kg7 26. c3 a5 27. d4 Ba6 28. Ng1 bxc3 29. bxc3 Rb8 30. Rc2 Bd3 31. Rd2 Be4 32.
Ne2 a4 33. dxc5 dxc5 34. Ke3 a3 35. Nf4 Rb1 36. Nd3 c4 37. Ne5 Rc1 38. Kd4 Kf6 39.
Nxc4 Rb1 40. Nxa3 Rb8 41. Nc4 Rd8+ 42. Ke3 Rc8 43. Rd4 g5 44. Kd2 Rh8 45. h4 gxh4 46.
gxh4 Rxh4 47. a4 Rh2+ 48. Ke3 Ra2 49. a5 Kg5 50. Rd8 Bc6 51. Rg8+ Kf6 52. Rc8 Bd5 53.
Kd4 Bxc4 54. Rc6+ Be6 55. a6 Ra4+ 56. c4 f4 57. Ke4 f3 58. Kxf3 Rxc4 59. Rb6 Ra4 60.
Ke3 Ke5 61. Rb5+ Bd5 62. Rb6 f5 63. Kf2 Kf4 64. Rh6 Ra2+ 65. Kg1 Ke3 66. Rh3+ Bf3 67. Rh8 Ra1+ 68. Kh2 Rh1+ 69. Kg3 f4# 0-1

[Event "*** SCC Grand Prix: Titled Tuesday Blitz"]
[Site "Chess.com"]
[Date "2020.06.02"]
[Round "1"]
[White "talaicito"]
[Black "AwareIdea"]
[Result "0-1"]
[WhiteElo "2109"]
[BlackElo "2507"]
[TimeControl "180+1"]
[EndTime "10:08:25 PDT"]
[Termination "AwareIdea won on time"]

1. d4 d5 2. Bf4 Nf6 3. Nc3 a6 4. e3 c5 5. Nf3 Nc6 6. dxc5 Bg4 7.
Be2 e6 8. Na4 Ne4 9. O-O Nxc5 10. Nxc5 Bxc5 11. Ne5 Bxe2 12. Qxe2 O-O 13. c4 Ne7 14.
Rfd1 f6 15. Nd3 Rc8 16. Nxc5 Rxc5 17. cxd5 Rxd5 18. e4 Rd4 19. Rxd4 Qxd4 20. Rd1 Qa4 21. b3 Qa5 22. Bd6 Re8 23. Qc4 Kf7 24. b4 Qb5 25. Qxb5 axb5 26. Bc5 Nc6 27. Rd7+ Kg6 28.
f4 Ra8 29. Rxb7 Rxa2 30. Rxb5 Ra1+ 31. Kf2 Ra2+ 32. Kg3 Ra3+ 33. Kh4 Ra2 34. Kh3 Nd8 35. Rb8 Nf7 36. b5 Rc2 37. Bf8 Rc3+ 38. g3 Rb3 39. b6 h5 40. Rb7 Rb2 41. f5+ exf5 42. exf5+ Kxf5 43. Rxf7 g5 44. Rxf6+ Kxf6 45. g4 hxg4+ 46. Kxg4 Rxb6 47. Bc5 Rb5 48. Bg1 Rf5 49. Bd4+ Kg6 50. Be3 Rb5 51. Kf3 Rb4 52. Bf2 Rc4 53. Kg2 Kf5 54. Bg3 Rc3 55. Kf2 g4 56. Ke2 Ke4 57. Kd2 Ra3 58. Ke2 Ra2+ 59. Kf1 Kf3 0-1

[Event "*** SCC Grand Prix: Titled Tuesday Blitz"]
[Site "Chess.com"]
[Date "2020.06.02"]
[Round "1"]
[White "NemtsevIgor"]
[Black "SketchyMoves"]
[Result "0-1"]
[WhiteElo "2297"]
[BlackElo "2634"]
[TimeControl "180+1"]
[EndTime "10:08:26 PDT"]
[Termination "SketchyMoves won by checkmate"]

1. d4 e6 2. Bf4 Nf6 3. e3 b6 4. Nf3 Bb7 5. Nbd2 c5 6. Nc4 cxd4 7. exd4 d6 8. c3 Be7 9. Bd3 O-O 10. O-O Qc7 11. h3 a6 12. a4 Nbd7 13. Qe2 Rfe8 14. Rfe1 Bf8 15. Bh2 Qc6 16. Ne3 e5 17. d5 Nxd5 18.
Nxd5 Qxd5 19. Bc4 Qc6 20. Rad1 Nf6 21. Bg3 d5 22. Bb3 Bd6 23. Bh4 e4 24. Nd4 Qc8 25. Bxf6 gxf6 26. Qh5 Re5 27. Qh6 Be7 28. g4 Qf8 29. Nf5 Qxh6 30. Nxh6+ Kf8 31. Nf5 Bc5 32. Nd4 Rd8 33. Kg2 h5 34. Kg3 Bd6 35. Kg2 hxg4 36. hxg4 Rg5 37. f3 Be5 38. Rh1 Bxd4 39. Rxd4 Ke7 40.
Kg3 exf3 41. Kxf3 Rdg8 42. Re1+ Re5 43. Rh1 f5 44. Rh7 fxg4+ 45. Kg2 Rgg5 46. Rh8 Re2+ 47.
Kg3 Rxb2 48. Bd1 b5 49. Rb8 bxa4 50. Bxa4 Kd6 51. Rb4 Rxb4 52. cxb4 Kc7 53. Rf8 Rf5 54. Kxg4 Rf1 55. Bb3 Bc6 56. Rh8 f5+ 57. Kg3 d4 58. Rh7+ Kb6 59. Be6 f4+ 60. Kg4 d3 61. Bc4 d2 62. Bxf1 d1=Q+ 63. Kxf4 Qxf1+ 64. Ke5 Qa1+ 65. Kd6 Qf6# 0-1

[Event "*** SCC Grand Prix: Titled Tuesday Blitz"]
[Site "Chess.com"]
[Date "2020.06.02"]
[Round "1"]
[White "WonderChampion"]
[Black "Zufi1811"]
[Result "1/2-1/2"]
[WhiteElo "1957"]
[BlackElo "2461"]
[TimeControl "180+1"]
[EndTime "10:08:26 PDT"]
[Termination "Game drawn by repetition"]

1. e4 c5 2. Nf3 d6 3. Bb5+ Nd7 4. c4 Nf6 5. Nc3 e5 6. O-O Be7 7. d3 h6 8. Nd5 Nxd5 9. cxd5 O-O 10. Bxd7 Bxd7 11.
Be3 f5 12. Bd2 fxe4 13. dxe4 Bg4 14. Qb3 Bxf3 15. gxf3 Bg5 16. Bc1 b6 17. Kh1 Bf4 18. Bxf4 Rxf4 19. Rg1 Qf6 20. Rg3 Rf8 21. Rag1 Rf7 22.
Rg6 Qh4 23. R1g3 Qh5 24. Kg2 R4f6 25. Rxf6 Rxf6 26. Qa4 Qf7 27. Qc6 Kh7 28. Qc8 Rf4 29. Qb8 Rf6 30. Qc8 Rf4 31. Qb8 Qe7 32. Qc8 h5 33.
Qh3 g6 34. b3 Kh6 35. Qc8 Rf8 36. Qh3 Rf4 37. Qc8 Rf8 38. Qh3 h4 39. Rg4 Rf4 40. Rxf4 exf4 41. Qg4 g5 42. Qf5 Kg7 43. h3 a6 44. Kf1 b5 45. Qc8 a5 46. Qa6 b4 47.
Qxa5 Qe5 48. Qb5 Kf6 49. Qb8 Kg7 50. Qc7+ Kf6 51. Qd8+ Kg7 52. Qd7+ Kf6 53. Qd8+ Kf7 54. Qd7+ Kg6 55. Qd8 Qa1+ 56. Kg2 Qe5 57. Qg8+ Kh6 58.
Qf8+ Kg6 59. Qg8+ Kh6 60. Qf8+ Kg6 61. Qg8+ 1/2-1/2

[Event "*** SCC Grand Prix: Titled Tuesday Blitz"]
[Site "Chess.com"]
[Date "2020.06.02"]
[Round "1"]
[White "Sunnika"]
[Black "Dr-Bassem"]
[Result "0-1"]
[WhiteElo "2399"]
[BlackElo "2787"]
[TimeControl "180+1"]
[EndTime "10:08:28 PDT"]
[Termination "Dr-Bassem won by resignation"]

1. d4 e6 2. Nf3 f5 3. g3 Nf6 4. Bg2 Be7 5. O-O O-O 6. c4 d6 7. b3 Qe8 8. Bb2 Qg6 9. Nbd2 Nc6 10. Re1 Ne4 11. d5 Nd8 12. Nd4 Bd7 13. dxe6 Nxe6 14.
Nxf5 Qxf5 15. Nxe4 Bc6 16. Qc2 Ng5 17. Qc3 Rf7 18.
f3 Nxe4 19. fxe4 Qf2+ 20. Kh1 Bf6 21. Qd2 Bxb2 22. Qxb2 Raf8 23. Rf1 Qe3 24. Rf3 Qxe4 25. Raf1 Rxf3 26. exf3 Qe3 27. f4 Re8 28. Bxc6 bxc6 29.
Qf2 d5 30. Qxe3 Rxe3 31. cxd5 cxd5 32. Rc1 Re7 33. Kg1 Kf7 34. Kf2 Ke8 35. Re1 c5 36. Rxe7+ Kxe7 37. g4 a5 38. Ke3 Ke6 39. h3 g6 40. Kd3 Kd6 41. Ke3 Kc6 42. Kd3 Kb5 43. f5 gxf5 44. gxf5 Kc6 45. Ke3 Kd6 46. Kf4 h6 47. h4 Ke7 48. Ke5 d4 49. Ke4 Kf6 50.
a3 h5 51. Kf4 d3 52. Ke3 Kxf5 53. Kxd3 Kg4 54. Kc4 Kxh4 55. Kxc5 Kg4 56. b4 axb4 57. axb4 h4 58. b5 h3 59. b6 h2 60. b7 h1=Q 61. b8=Q Qc1+ 62. Kd4 Qf4+ 63. Kd3 Qxb8 0-1

[Event "*** SCC Grand Prix: Titled Tuesday Blitz"]
[Site "Chess.com"]
[Date "2020.06.02"]
[Round "1"]
[White "Igor_Lysyj"]
[Black "Phriex"]
[Result "1-0"]
[WhiteElo "2777"]
[BlackElo "2394"]
[TimeControl "180+1"]
[EndTime "10:08:30 PDT"]
[Termination "Igor_Lysyj won by checkmate"]

1. d4 d5 2. c4 e6 3. Nf3 Nf6 4. g3 Bb4+ 5. Bd2 Be7 6. Bg2 O-O 7. O-O c6 8. Qc2 Nbd7 9. a3 Ne4 10. Bb4 f5 11. Nc3 a5 12. Bxe7 Qxe7 13. e3 b6 14.
Nxe4 fxe4 15. Nd2 Ba6 16. Rab1 b5 17. cxd5 cxd5 18. b4 Rac8 19. Qb2 a4 20. Rbc1 Nb6 21. Rc5 Nd7 22. Rxc8 Rxc8 23. Rc1 Rxc1+ 24. Qxc1 Qd6 25. Bh3 Bb7 26. f3 Nf6 27. Qc5 Qd7 28. fxe4 Nxe4 29. Nxe4 dxe4 30. Bg4 Bd5 31. h4 Kf7 32. Be2 Bc6 33.
Qh5+ Kg8 34. Qe5 Qd5 35. Qb8+ Kf7 36. Qc7+ Kg8 37. Bg4 Qd7 38. Qb8+ Kf7 39. Bh5+ g6 40. Bg4 Bd5 41. Qh8 Qc6 42. Qxh7+ Kf6 43. h5 Qc1+ 44. Kh2 Qxe3 45. hxg6 Qf2+ 46. Kh3 Qf1+ 47. Kh4 Qh1+ 48. Bh3 e5 49. Qh8+ Kxg6 50. Qxe5 Qf3 51.
Qxd5 Qf6+ 52. Kg4 e3 53. Qe4+ Kg7 54. Qxe3 Qg6+ 55. Kf3 Qf6+ 56. Qf4 Qc6+ 57. Qe4 Qc2 58. Qxc2 Kf6 59. Qc6+ Ke7 60. Kf4 Kf7 61. Kf5 Ke7 62.
Qc7+ Ke8 63. Kf6 Kf8 64. Qd8# 1-0

[Event "*** SCC Grand Prix: Titled Tuesday Blitz"]
[Site "Chess.com"]
[Date "2020.06.02"]
[Round "1"]
[White "Ati1517"]
[Black "731291"]
[Result "0-1"]
[WhiteElo "2226"]
[BlackElo "2568"]
[TimeControl "180+1"]
[EndTime "10:08:31 PDT"]
[Termination "731291 won by resignation"]

1. d4 Nf6 2. c4 e6 3. Nc3 Bb4 4. Qc2 d6 5. Nf3 Nc6 6. Bd2 O-O 7. g3 e5 8. d5 Ne7 9. e4 a6 10. Bg2 Bc5 11. O-O Ba7 12. b4 Bg4 13. h3 Bd7 14. Be3 Bxe3 15. fxe3 c6 16. dxc6 Nxc6 17. a3 Rc8 18. Rad1 Qe7 19. Qd3 Be6 20. Nd5 Bxd5 21.
cxd5 Nb8 22. Rc1 Rc7 23. Rc2 Rfc8 24. Rfc1 Qd8 25. Nh4 g6 26. Nf3 Nbd7 27. Nd2 Rxc2 28. Rxc2 Rc7 29. a4 Qc8 30. Rc4 Rxc4 31. Nxc4 Qc7 32. a5 Kg7 33. Bf1 b6 34. axb6 Nxb6 35.
Nxb6 Qxb6 36. Bg2 Qxb4 37. Qxa6 Qc5 38. Qd3 h5 39. Kh2 Nd7 40. Qd2 Qc4 41. Qf2 Nc5 42.
Qf3 Qc3 43. g4 hxg4 44. hxg4 Qe1 45. Kh3 Nd3 46. Bf1 Nf2+ 47. Kg2 Nd1 48. Be2 Qd2 49. Kg3 Nxe3 50. g5 Qe1+ 51. Kh2 Qd2 52. Kh3 Nc2 53. Qf6+ Kg8 54. Bg4 Qe3+ 55. Kh4 Qe1+ 56. Kh3 Qe3+ 57. Kh4 Qxe4 58. Qxd6 Qe1+ 59. Kh3 Qe3+ 60. Kh4 Qf2+ 61. Kh3 Ne3 62. Qd8+ Kh7 63. Qf6 Qg2+ 0-1